AoeStats
← HrH The Sausage Meister General

Lombardia

508937498Analyzed
3v3 RM · 7d ago on Sep 24, 2026· 34m 0s· 6 players
Game mode
Random Map
Map size
Normal (6 player)
Population
200
Speed
Normal
Resources
Standard
Victory
Conquest
Starting age
Dark Age
Ending age
Imperial Age
RankedLock teamsTeams togetherTeam positionsShared explorationLock speedFull tech treeHidden civsTurbo modeCheats
Victory
Defeat
🇬🇧 Danes · United Kingdom
1137
+15
🇬🇧 Saxons · United Kingdom
1119
+16
🇬🇧 Persians · United Kingdom
1119
+16
🇵🇱 Varangians · Poland
1182
-18
🇦🇷 Burgundians · Argentina
1113
-15
🇵🇱 Hindustanis · Poland
1066
-14
John G
8:34 Loom
10:51 Feudal Age
13:10 Double-Bit Axe
14:15 Horse Collar
15:22 Wheelbarrow
19:09 Heavy Plow
19:20 Bow Saw
21:32 Castle Age
20:15 Scale Barding Armor
20:51 Forging
21:54 Hand Cart
23:10 Husbandry
24:50 Crop Rotation
24:31 Gold Mining
25:48 Gold Shaft Mining
26:30 Chain Barding Armor
29:42 Stone Mining
31:18 Stone Shaft Mining
Tobkubos
7:59 Loom
12:14 Feudal Age
13:47 Horse Collar
20:56 Castle Age
20:22 Double-Bit Axe
25:37 Gold Mining
25:48 Heavy Plow
32:23 Scale Barding Armor
32:29 Forging
Ignacy Rzecki
11:18 Feudal Age
11:48 Loom
18:00 Castle Age
15:47 Double-Bit Axe
15:52 Horse Collar
22:08 Bow Saw
22:28 Heavy Plow
28:39 Wheelbarrow
32:43 Imperial Age
30:58 Bloodlines
30:48 Husbandry
31:13 Scale Barding Armor
31:50 Forging
33:53 Chain Barding Armor
34:10 Iron Casting
DizzyLeChuckieEgg
9:13 Feudal Age
9:14 Man-at-Arms
9:47 Double-Bit Axe
10:18 Arson
13:53 Loom
14:11 Horse Collar
19:02 Castle Age
17:08 Horse Collar
20:06 Bow Saw
20:02 Heavy Plow
21:36 Wheelbarrow
23:50 Hand Cart
24:07 Stone Mining
24:47 Gold Mining
25:47 Town Watch
25:54 Pikeman
26:37 Squires
26:58 Scale Mail Armor
26:55 Town Watch
27:59 Chain Mail Armor
28:29 Forging
30:19 Iron Casting
30:54 Gold Shaft Mining
30:54 Stone Shaft Mining
33:42 Imperial Age
32:48 Hamask
34:52 Conscription
35:06 Plate Mail Armor
35:37 Blast Furnace
King_Of_Lincoln
0:27 Loom
12:37 Feudal Age
18:29 Horse Collar
22:32 Castle Age
21:44 Double-Bit Axe
23:28 Heavy Plow
25:55 Pikeman
27:01 Scale Mail Armor
29:42 Wheelbarrow
29:13 Town Watch
31:15 Bow Saw
34:53 Hand Cart
HrH The Sausage Meister General
8:19 Loom
12:22 Feudal Age
18:47 Castle Age
19:09 Double-Bit Axe
21:35 Bow Saw
21:17 Horse Collar
25:30 Heavy Plow
26:38 Wheelbarrow
26:38 Gold Mining
27:08 Bloodlines
26:58 Husbandry
27:11 Husbandry
28:04 Scale Barding Armor
28:10 Forging
29:47 Gold Shaft Mining
30:28 Chain Barding Armor
30:12 Stone Mining
30:57 Hand Cart
31:46 Iron Casting
Connection lost

Rejoining the realm…

Still unreachable

The connection could not be restored.

Session expired

The server has moved on; the page needs a fresh start.